 Dungeon Crawl Stone Soup version 0.27.0-1-g7a089689b8 (webtiles) character file.

Game seed: 9104549794764554168

263 Crownlay the Cleaver (level 6, 0/51 HPs)
             Began as a Hill Orc Fighter on Aug 13, 2021.
             Slain by an ogre (20 damage)
             ... on level 4 of the Dungeon.
             The game lasted 00:04:45 (3663 turns).

Crownlay the Cleaver (Hill Orc Fighter)             Turns: 3663, Time: 00:04:45

Health: 0/51       AC: 10    Str: 24    XL:     6   Next: 19%
Magic:  6/6        EV:  9    Int:  8    God:
Gold:   129        SH:  0    Dex:  8    Spells: 5/5 levels left

rFire    . . .     SeeInvis .   a - +0 war axe
rCold    . . .     Faith    .   (no shield)
rNeg     + + +     Spirit   .   b - +0 scale mail
rPois    .         Reflect  .   p - +0 hat
rElec    .         Harm     .   (no cloak)
rCorr    .         Rampage  .   (no gloves)
Will     .....                  (no boots)
Stlth    ..........             q - amulet "Yguacvix" {RegenMP rN+++ Str+3 Dex-2}
HPRegen  0.17/turn              e - +4 ring of protection
MPRegen  0.35/turn              (no ring)

@: no status effects
A: no striking features
a: no special abilities


You were on level 4 of the Dungeon.
You visited 1 branch of the dungeon, and saw 4 of its levels.

You collected 150 gold pieces.
You spent 21 gold pieces at shops.

Inventory:

Hand Weapons
 a - a +0 war axe (weapon)
Missiles
 m - 9 javelins (quivered)
Armour
 b - a +0 scale mail (worn)
 c - a +0 kite shield
 p - a +0 hat (worn)
Jewellery
 e - a +4 ring of protection (left hand)
 n - a ring of magical power
 q - the amulet "Yguacvix" (around neck) {RegenMP rN+++ Str+3 Dex-2}
   (You found it on level 4 of the Dungeon)

   [amulet of magic regeneration]

   It increases your rate of magic regeneration.
   Str:       It affects your strength (+3).
   Dex:       It affects your dexterity (-2).
   rN:        It renders you almost immune to negative energy.
Scrolls
 f - 2 scrolls of teleportation {unknown}
 g - a scroll of silence {unknown}
 h - 2 scrolls of noise
 j - 3 scrolls of identify {unknown}
 k - a scroll of blinking {unknown}
 l - a scroll of acquirement {unknown}
 o - a scroll of magic mapping {unknown}
 r - a scroll of amnesia {unknown}
Potions
 d - 2 potions of might
 i - 2 potions of heal wounds


   Skills:
 - Level 3.6 Fighting
 + Level 8.3 Axes
 - Level 3.2 Armour
 - Level 3.2 Shields


You had 5 spell levels left.
You didn't know any spells.
Your spell library contained the following spells:

 Spells                   Type           Power      Damage    Failure   Level
 Shock                    Conj/Air       0%         1d3       71%         1
 Static Discharge         Conj/Air       0%         N/A       85%         2
 Swiftness                Air            0%         N/A       97%         3
 Airstrike                Air            0%         N/A       100%        4
 Lightning Bolt           Conj/Air       0%         1d11      100%        5
 Maxwell's Capacitive Co  Air            0%         ∞         100%        8


Dungeon Overview and Level Annotations

Branches:
Dungeon (4/15)
 Temple: D:4-7

Altars:

Shops:
D:2 *


Message History

The scorpion barely misses you.
You hit the scorpion but do no damage.
The scorpion is severely wounded.
The scorpion stings you but does no damage.
The scorpion barely misses you.
You slash the scorpion!
You kill the scorpion!
Your Axes skill increases to level 8!
You have reached level 6!
Your experience leads to an increase in your attributes!
Your base attributes are Str 20, Int 8, Dex 10.
Increase (S)trength, (I)ntelligence, or (D)exterity?
You feel stronger.
r - a scroll labelled MIANOM VUOMEKH
Found a stone staircase leading up.
j - 3 scrolls labelled LEROESS YSINAO (gained 1)
Found a smoking flail.
An ogre comes into view. It is wielding a +0 giant club.
You see here a +4 ring of slaying.
You throw a javelin.
The javelin pierces through the ogre but does no damage.
You throw a javelin. The javelin barely misses the ogre.
You throw a javelin. The javelin barely misses the ogre.
You throw a javelin. The javelin pierces through the ogre!
The ogre is moderately wounded.
The ogre barely misses you.
You hit the ogre.
The ogre is heavily wounded.
The ogre hits you with a +0 giant club!
You barely miss the ogre.
The ogre is heavily wounded.
The ogre hits you with a +0 giant club!
You are too injured to fight recklessly!
You are too injured to fight recklessly!
You are too injured to fight recklessly!
You are too injured to fight recklessly!
You slash the ogre!
The ogre is severely wounded.
The ogre hits you with a +0 giant club!!
You die...

.†............. .
............##...... ..
#.#.####..#.##..... ....
................#.##.#..
............##..#.......
........................
....###.................
........................
#...###..#......@O#
........................
..#.###..#..##....#....(
>......................(
............<.......)..(
................#.#.....
##.........##.....#....#
♣.♣.♣.♣..#........!. .


You could see an ogre.

Vanquished Creatures
  2 scorpions
  A hound (D:3)
  3 adders
  3 dart slugs
  An orc (D:4)
  4 ball pythons
  6 endoplasms
  14 giant cockroaches
  7 goblins
  2 hobgoblins
  12 jackals
  8 kobolds
  3 quokkas
  5 bats
  4 frilled lizards
  2 rats
77 creatures vanquished.

Notes
Turn   | Place    | Note
-------+----------+-------------------------------------------
     0 | D:1      | Crownlay the Hill Orc Fighter began the quest for the Orb.
     0 | D:1      | Reached XP level 1. HP: 19/19 MP: 1/1
    25 | D:1      | Reached skill level 3 in Axes
   163 | D:1      | Reached XP level 2. HP: 15/26 MP: 2/2
   539 | D:1      | Reached skill level 4 in Axes
   880 | D:1      | Reached XP level 3. HP: 31/31 MP: 3/3
  1079 | D:1      | Reached skill level 5 in Axes
  1248 | D:1      | Found a faded altar of an unknown god.
  1648 | D:2      | Reached XP level 4. HP: 39/39 MP: 4/4
  2054 | D:2      | Reached skill level 6 in Axes
  2397 | D:2      | Found Ilefo's Assorted Antiques.
  2405 | D:2      | Bought a scroll labelled FAUMUCS XEQOGH for 21 gold pieces
  3372 | D:4      | Noticed a scorpion
  3377 | D:4      | Reached XP level 5. HP: 45/45 MP: 5/5
  3398 | D:3      | Reached skill level 7 in Axes
  3579 | D:4      | Identified the amulet "Yguacvix" {RegenMP rN+++ Str+3
                  | Dex-2}
  3636 | D:4      | Reached skill level 8 in Axes
  3636 | D:4      | Reached XP level 6. HP: 51/51 MP: 6/6
  3663 | D:4      | Slain by an ogre

Illustrated notes

Levels and vault maps discovered:
D:1:      evilmike_arrival_crescent, layout_loops_ring,
          dreamdust_ecumenical_altar_statues, roderic_serpentine_path,
          chequers_serial_rivers_micro_a, minmay_misc_feat_pillars,
          hangedman_decor_points, minmay_pentomino_w4
D:2:      minmay_roachtagon, layout_loops_corners, serial_shops,
          nicolae_shop_statue_plus
D:3:      layout_loops_cross
D:4:      layout_basic, minmay_temple_entry_grid,
          hangedman_abyss_or_decor_lesser_grid, minmay_shop_grid_forest,
          uniq_sigmund

Skill      XL: |  1  2  3  4  5 |
---------------+----------------+-----
Axes           | 3 4 5 6 8 |  8.3
Fighting       | |  3.6
Armour         | |  3.2
Shields        | |  3.2

Action                   |  1- 3 |  4- 6 || total
-------------------------+-------+-------++-------
Melee: War axe           |    85 |   128 ||   213
Throw: Javelin           |       |     4 ||     4
  Use: Scroll            |       |     1 ||     1
       Potion            |       |     1 ||     1
Armor: Scale mail        |    48 |    70 ||   118
Dodge: Dodged            |    44 |    88 ||   132
Block: Kite shield       |     7 |       ||     7
